[Event "*** Titled Tuesday Blitz"]
[Site "Chess.com"]
[Date "2018.09.04"]
[Round "10"]
[White "enriquetejedor"]
[Black "51616516516"]
[Result "1-0"]
[WhiteElo "2376"]
[BlackElo "2189"]
[TimeControl "180+2"]
[EndTime "15:51:09 PDT"]
[Termination "enriquetejedor won by resignation"]

1. e3 g6 2. Nf3 Bg7 3. d4 Nf6 4.
Nbd2 b6 5. e4 c5 6. e5 Ng8 7. d5 d6 8. exd6 Qxd6 9. Ne4 Qd8 10. Bf4 Bb7 11. Bb5+ Kf8 12. c4 a6 13. Ba4 b5 14.
Bb3 Bxb2 15. Rb1 Bg7 16. O-O Nd7 17. Re1 Nh6 18. Qd2 Nf5 19. Bc2 b4 20. Ba4 Rc8 21.
a3 Nb6 22. axb4 Nxa4 23. bxc5 Ba8 24. Qb4 Qd7 25. c6 Bxc6 26. dxc6 Qxc6 27. Ne5 Bxe5 28. Bxe5 f6 29. Nxf6 Qxc4 30. Nd7+ Kg8 31. Bxh8 Qxb4 32. Rxb4 Kxh8 33. Rxa4 1-0

[Event "*** Titled Tuesday Blitz"]
[Site "Chess.com"]
[Date "2018.09.04"]
[Round "10"]
[White "jefferyx"]
[Black "Eagle_pada"]
[Result "0-1"]
[WhiteElo "2772"]
[BlackElo "2710"]
[TimeControl "180+2"]
[EndTime "15:51:10 PDT"]
[Termination "Eagle_pada won by resignation"]

1. e4 e5 2. Nf3 Nf6 3. Nxe5 d6 4. Nf3 Nxe4 5. d3 Nf6 6. d4 d5 7. Bd3 Bd6 8. Qe2+ Be6 9. c4 O-O 10. c5 Be7 11. O-O b6 12. Be3 bxc5 13. dxc5 Bg4 14. Nbd2 Nc6 15. h3 Bd7 16. Rfe1 Rb8 17. Nb3 Re8 18.
Rad1 Bf8 19. Qf1 a5 20. Bb5 Ne5 21. Nxe5 Bxb5 22. Nd3 a4 23. Nd4 Bxc5 24. Nxb5 Bxe3 25. Nb4 Bxf2+ 26. Kxf2 Rxe1 27. Rxe1 Qd7 28. Rc1 Rxb5 29. Rxc7 Qxc7 30. Qxb5 Qf4+ 31. Kg1 g5 32. Qxa4 g4 33.
hxg4 Nxg4 34. Qe8+ Kg7 35. Qe1 h5 36. Nc2 Qh2+ 37.
Kf1 Qh1+ 38. Ke2 Qxg2+ 39. Kd3 Qf3+ 40. Kd4 Qf4+ 41. Kc3 Nf6 42. Nd4 h4 43. Qxh4 Ne4+ 44. Kb3 Qe3+ 45. Kc2 Qd2+ 0-1

[Event "*** Titled Tuesday Blitz"]
[Site "Chess.com"]
[Date "2018.09.04"]
[Round "10"]
[White "Synctel"]
[Black "RU_B9"]
[Result "0-1"]
[WhiteElo "1897"]
[BlackElo "2024"]
[TimeControl "180+2"]
[EndTime "15:51:14 PDT"]
[Termination "RU_B9 won on time"]

1. d4 Nf6 2. Nf3 e6 3. e3 c5 4.
Bd3 b6 5. Qe2 Bb7 6. Nbd2 d6 7.
O-O Be7 8. b3 cxd4 9. exd4 Nd5 10. Ne4 Nb4 11. Bb5+ Nd7 12. a3 a6 13. Bxd7+ Qxd7 14. axb4 O-O 15. c4 Rac8 16. Bf4 h6 17. h3 Rce8 18.
Rfd1 Qc6 19. d5 exd5 20. cxd5 Qd7 21. Qd2 Kh7 22. Ng3 f5 23. Rac1 Bf6 24. Nh5 Bd8 25. Be3 b5 26. Bd4 g6 27. Ng7 Re7 28. Ne6 Rfe8 29.
Bb2 Bxd5 30. Qd4 Bxe6 31. Re1 Bxb3 32. Rxe7+ Qxe7 0-1

[Event "*** Titled Tuesday Blitz"]
[Site "Chess.com"]
[Date "2018.09.04"]
[Round "10"]
[White "AndrewDGreen"]
[Black "Zarikovs1999"]
[Result "1-0"]
[WhiteElo "2246"]
[BlackElo "2193"]
[TimeControl "180+2"]
[EndTime "15:51:25 PDT"]
[Termination "AndrewDGreen won by resignation"]

1. d4 Nf6 2. Nf3 c5 3. d5 e6 4. Nc3 d6 5. dxe6 fxe6 6. e4 Nc6 7. Bf4 Be7 8. Qd2 O-O 9. O-O-O d5 10. exd5 exd5 11. Bd3 d4 12. Nb5 Nd5 13. Bc4 Be6 14.
Bxd5 Qxd5 15. b3 c4 16. Nc7 Qd7 17. Nxa8 Rxa8 18. Nxd4 Ba3+ 19. Kb1 cxb3 20. axb3 Nxd4 21. Qxd4 Qc6 22. Be5 Rc8 23. Rd2 Bf5 24. Bxg7 Bxc2+ 25. Ka2 Qa6 26. Qa4 Qxa4 27. bxa4 Bb4 28. Rd7 Bxa4 29. Rxb7 Bd2 30. Bb2 Bc6 31. Rxa7 Bxg2 32. Rg1 Rc4 33. Rxg2+ Kf8 34. Ra8+ Kf7 35. Ra7+ 1-0

[Event "*** Titled Tuesday Blitz"]
[Site "Chess.com"]
[Date "2018.09.04"]
[Round "10"]
[White "VeraNebolsina"]
[Black "inegrepus"]
[Result "1-0"]
[WhiteElo "2388"]
[BlackElo "2204"]
[TimeControl "180+2"]
[EndTime "15:51:30 PDT"]
[Termination "VeraNebolsina won by checkmate"]

1. e4 e6 2. d4 d5 3. exd5 exd5 4. Nf3 Bd6 5. Bd3 Ne7 6. c4 dxc4 7. Bxc4 Nbc6 8. O-O O-O 9. h3 Bf5 10. Nc3 Bg6 11.
a3 Nf5 12. Bg5 Qd7 13. Nd5 Nce7 14. Ne5 Bxe5 15. dxe5 Nxd5 16. Bxd5 c6 17. Bb3 Nd4 18.
Re1 h6 19. e6 Qd6 20. Be7 Qf4 21. Bxf8 Rxf8 22. exf7+ Bxf7 23. Bxf7+ Rxf7 24. Re8+ Kh7 25. Qd3+ g6 26. Rf1 Qd6 27. Qe4 c5 28. Rc8 Re7 29. Qh4 Ne2+ 30. Kh1 Nf4 31. Rf8 g5 32. Qg4 Qd5 33.
Qf5+ Qxf5 34. Rxf5 Kg6 35. Rxc5 Re2 36. Rb5 b6 37. Rb3 Rd2 38. g3 Nd3 39. Kg2 Nxb2 40. Rc1 Nd3 41. Rc6+ Kh5 42. g4+ Kh4 43. Rxh6# 1-0

[Event "*** Titled Tuesday Blitz"]
[Site "Chess.com"]
[Date "2018.09.04"]
[Round "10"]
[White "FMJoseHerrera"]
[Black "Rashad_Zeynalli"]
[Result "1-0"]
[WhiteElo "2417"]
[BlackElo "2365"]
[TimeControl "180+2"]
[EndTime "15:51:37 PDT"]
[Termination "FMJoseHerrera won by resignation"]

1. Nf3 f5 2. g3 Nf6 3. d3 g6 4. Nc3 Bg7 5. h4 d6 6. Bg5 c6 7. Qd2 Qa5 8. h5 Nxh5 9. Bg2 Na6 10. Bh6 Bxh6 11. Qxh6 Bd7 12. Rxh5 gxh5 13. Qxh5+ Kd8 14. Ng5 Kc7 15. a3 Rag8 16. Nf7 Be8 17. Qh4 Bxf7 18. Qxe7+ Kb8 19. Qxf7 f4 20. Qxf4 Qc5 21. Bf3 Rf8 22.
Qh6 Nc7 23. O-O-O d5 24. Qh2 Ne6 25. g4+ Ka8 26. Qe5 Nd4 27. Bh1 Re8 28. Qg7 Rhg8 29. Qxh7 Rxg4 30. e3 Nb5 31. Nxb5 cxb5 32. Qd7 Rc8 33.
c3 Rg5 34. Kb1 a6 35. f4 Rh5 36. Bf3 Rh2 37. Bxd5 Rc7 38. Qd8+ Ka7 39. d4 Qb6 40. e4 a5 41. f5 b4 42. axb4 axb4 43. c4 b3 44. c5 Qa5 45. Bxb3 Ka6 46. Qd6+ Ka7 47. Qxh2 1-0

[Event "*** Titled Tuesday Blitz"]
[Site "Chess.com"]
[Date "2018.09.04"]
[Round "10"]
[White "Thjop"]
[Black "Schachmalanders"]
[Result "1-0"]
[WhiteElo "2532"]
[BlackElo "2387"]
[TimeControl "180+2"]
[EndTime "15:51:43 PDT"]
[Termination "Thjop won by checkmate"]

1. e4 c5 2. Nf3 e6 3. d4 cxd4 4. Nxd4 Nc6 5. Nc3 Qc7 6. Be3 a6 7. Be2 Nf6 8. O-O b5 9. Nxc6 dxc6 10. f4 e5 11. fxe5 Qxe5 12. Kh1 Bc5 13. Bf4 Qe7 14. Bg5 h6 15. Bxf6 gxf6 16. Bg4 Rg8 17.
Bxc8 Rxc8 18. Qf3 Rg6 19. Rad1 Rd8 20. Rxd8+ Kxd8 21. Rd1+ Kc7 22. Ne2 Qe5 23. c3 Bd6 24. g3 Rg8 25. Nd4 Re8 26. Nf5 Bc5 27. Nxh6 Qxe4 28.
Qxe4 Rxe4 29. Nf5 Re2 30. b4 Bb6 31. h4 Bf2 32. Rd3 Re1+ 33. Kg2 Bb6 34. h5 Rg1+ 35. Kf3 Rh1 36. Kg4 a5 37. a3 axb4 38. axb4 c5 39. bxc5 Bxc5 40. h6 Kc6 41. Rd8 b4 42. cxb4 Bxb4 43. Rh8 Kd5 44. h7 Bd6 45. Nxd6 Kxd6 46.
Rd8+ Ke5 47. h8=Q Rf1 48. Qe8# 1-0

[Event "*** Titled Tuesday Blitz"]
[Site "Chess.com"]
[Date "2018.09.04"]
[Round "10"]
[White "wannabe2700"]
[Black "JammyDodger91"]
[Result "1-0"]
[WhiteElo "2593"]
[BlackElo "2429"]
[TimeControl "180+2"]
[EndTime "15:51:52 PDT"]
[Termination "wannabe2700 won by resignation"]

1. d4 d5 2. c4 e6 3. Nf3 Nf6 4. g3 Bb4+ 5. Bd2 Bd6 6. Bg2 c6 7.
Qc2 Nbd7 8. O-O O-O 9. Rd1 Ne4 10.
Nc3 f5 11. Be3 Qe8 12. Rac1 Qh5 13. Nd2 Ndf6 14. f3 Ng5 15. Bxg5 Qxg5 16. f4 Qh5 17. c5 Bc7 18. Nf3 h6 19. Qd2 g5 20. fxg5 Ne4 21. Qe3 f4 22. Qd3 fxg3 23. Nxe4 dxe4 24. Qxe4 hxg5 25. h3 Rf4 26. Qd3 g4 27. Ne5 Bxe5 28.
dxe5 gxh3 29. Bxh3 Rf7 30. Kg2 Bd7 31. Kxg3 Rg7+ 32. Kf2 Rf8+ 33. Ke1 Qh6 34. Qd4 Qxh3 35. Kd2 Rg4 36. Qxd7 Qh6+ 37. Kc2 Qg6+ 38. Rd3 Rc4+ 39. Kb1 Rxc1+ 40. Kxc1 Rf1+ 41. Kc2 Rf2 42. Qc8+ Kg7 43.
Qxb7+ Kh6 44. Qe7 Rxe2+ 45. Kc3 Rxe5 46. Qf8+ Kg5 47. Rg3+ 1-0

[Event "*** Titled Tuesday Blitz"]
[Site "Chess.com"]
[Date "2018.09.04"]
[Round "10"]
[White "Sanan_Sjugirov"]
[Black "gmjlh"]
[Result "0-1"]
[WhiteElo "2855"]
[BlackElo "2734"]
[TimeControl "180+2"]
[EndTime "15:51:58 PDT"]
[Termination "gmjlh won by resignation"]

1. Nf3 d5 2. d4 Nf6 3. c4 e6 4. Nc3 Be7 5. Bg5 h6 6. Bxf6 Bxf6 7. Qc2 dxc4 8. e4 c5 9. dxc5 Qa5 10. e5 Be7 11. Bxc4 Qxc5 12. Qe4 Bd7 13. Qxb7 O-O 14. Bb5 Bc6 15. Bxc6 Nxc6 16. O-O Rab8 17. Qa6 Nxe5 18. Nxe5 Qxe5 19. Rab1 Bc5 20. Rbe1 Bxf2+ 21. Kxf2 Rxb2+ 22. Ne2 Rd8 23. Kg1 Rdd2 24. Rf2 Rxa2 25. Qc4 a6 26. h3 Qb5 27. Qg4 Qc5 28. Kf1 a5 29. Qf3 Qa7 30.
Kg1 a4 31. Kh1 a3 32. Rff1 Rab2 33. Nf4 Rf2 34. Qg3 a2 35. Nh5 Rxg2 36. Nf6+ Kh8 37.
Rd1 Qa8 38. Qf3 Rh2+ 39. Kg1 Rbg2+ 0-1

[Event "*** Titled Tuesday Blitz"]
[Site "Chess.com"]
[Date "2018.09.04"]
[Round "10"]
[White "farzadbfd"]
[Black "NikolaGry"]
[Result "1-0"]
[WhiteElo "2550"]
[BlackElo "2595"]
[TimeControl "180+2"]
[EndTime "15:51:59 PDT"]
[Termination "farzadbfd won by checkmate"]

1. e4 e5 2. Nf3 d6 3. d4 exd4 4. Nxd4 Nf6 5. Nc3 g6 6. Be3 Bg7 7. f3 O-O 8. Qd2 d5 9. O-O-O dxe4 10. fxe4 Ng4 11. Bg5 Qxd4 12. Qxd4 Bxd4 13. Rxd4 Nc6 14. Rd2 Be6 15. Nd5 Rac8 16. h3 Nge5 17. Bf6 Nd7 18. Bc3 Bxd5 19. exd5 Nce5 20. Bb5 a6 21. Ba4 b5 22.
Bb3 Rfe8 23. Rf1 Nc5 24. Re2 Ned7 25. Ref2 Nxb3+ 26. axb3 f5 27. g4 fxg4 28. hxg4 Ne5 29. g5 Rcd8 30. Rf6 Rxd5 31. Rxa6 c5 32. Ra7 b4 33. Bxe5 Rdxe5 34. Rff7 Re1+ 35. Kd2 R1e2+ 36. Kd3 R8e3+ 37. Kc4 Rxc2+ 38. Kb5 c4 39. Rg7+ Kf8 40. Rgf7+ Kg8 41. Rfc7 Re5+ 42. Kxb4 Re8 43. Rg7+ Kh8 44. Rxh7+ Kg8 45. Rhg7+ Kf8 46. Raf7# 1-0

[Event "*** Titled Tuesday Blitz"]
[Site "Chess.com"]
[Date "2018.09.04"]
[Round "10"]
[White "VladDobrov"]
[Black "tony15051987"]
[Result "0-1"]
[WhiteElo "2676"]
[BlackElo "2482"]
[TimeControl "180+2"]
[EndTime "15:52:05 PDT"]
[Termination "tony15051987 won by resignation"]

1. d4 d5 2. c4 c6 3. Nc3 Nf6 4. Nf3 e6 5. Bg5 h6 6. Bh4 dxc4 7. e4 g5 8. Bg3 b5 9. Be2 Bb7 10. e5 Nd5 11. O-O Nd7 12. Nxd5 cxd5 13. Ne1 Qe7 14.
f4 O-O-O 15. f5 Nb6 16. fxe6 fxe6 17. Bh5 Rh7 18. Rf6 Kb8 19. Nc2 Bc8 20. Qd2 Qc7 21.
Raf1 Be7 22. Qa5 Ka8 23. Qxb5 Bd7 24. Qa5 Rc8 25. R1f3 Qb7 26. Nb4 Na4 27. a3 Nxb2 28. Rf7 Rxf7 29. Rxf7 Be8 30. Rxe7 Qxe7 31. Bf3 Qb7 32.
Bg4 Bd7 33. Na6 c3 34. Nc5 c2 35. Qc3 Rxc5 36. dxc5 Ba4 37. Bxe6 Nd3 38. c6 Qb1+ 39. Be1 c1=Q 40. h3 Qxe1+ 41. Qxe1 Qxe1+ 42. Kh2 Qxe5+ 0-1

[Event "*** Titled Tuesday Blitz"]
[Site "Chess.com"]
[Date "2018.09.04"]
[Round "10"]
[White "xberli"]
[Black "r31415"]
[Result "0-1"]
[WhiteElo "2511"]
[BlackElo "2391"]
[TimeControl "180+2"]
[EndTime "15:52:06 PDT"]
[Termination "r31415 won by checkmate"]

1. e4 d6 2. d4 Nf6 3. Nc3 g6 4. f4 Bg7 5. Nf3 O-O 6. e5 dxe5 7. fxe5 Nd5 8. Bc4 Be6 9. Bb3 c5 10. O-O Nxc3 11. bxc3 c4 12. Ba4 a6 13. Ng5 b5 14.
Qf3 Qd5 15. Qg3 Nc6 16. Qh4 h5 17. Be3 bxa4 18. Rf4 Rab8 19. Raf1 Rb2 20. R4f2 Nd8 21. h3 f6 22. Nxe6 Nxe6 23. g4 fxe5 24. gxh5 Rxf2 25.
Qxf2 Nf4 26. Bxf4 exf4 27. hxg6 Qg5+ 28. Kh1 Qg3 29. Qe2 Qxh3+ 30. Kg1 Qg3+ 31. Kh1 Qh3+ 32. Kg1 Rb6 33. Qg2 Qxg2+ 34. Kxg2 Rb2 35. Rf2 Rxa2 36.
Kf3 Bh6 37. Kg4 Ra1 38. Re2 Rg1+ 39. Kf5 f3 40. Rxe7 f2 41. Re8+ Bf8 42. g7 f1=Q+ 43. Ke5 Rxg7 44. Kd5 Qf7+ 45. Kc6 Qxe8+ 46. Kd5 Rd7+ 47.
Kxc4 Qe2# 0-1

[Event "*** Titled Tuesday Blitz"]
[Site "Chess.com"]
[Date "2018.09.04"]
[Round "10"]
[White "b_6"]
[Black "Haykos"]
[Result "0-1"]
[WhiteElo "2383"]
[BlackElo "2535"]
[TimeControl "180+2"]
[EndTime "15:52:13 PDT"]
[Termination "Haykos won by resignation"]

1. d4 d5 2. Bf4 Nf6 3. e3 c5 4. c3 Nc6 5. Nd2 Qb6 6. Qb3 c4 7. Qc2 Nh5 8. Bg5 h6 9. Bh4 g5 10. Be2 Ng7 11. Bg3 Bf5 12. e4 Bg6 13. h4 gxh4 14. Bxh4 Rd8 15. Nh3 Ne6 16. Bg4 Nexd4 17. cxd4 h5 18. Bf5 Bxf5 19. exf5 Nxd4 20. Qa4+ Qc6 21.
Qxc6+ bxc6 22. O-O-O Nxf5 23. Nf3 Rg8 24. g3 f6 25. Nf4 Bh6 26. Kc2 Bxf4 27. gxf4 Rg2 28. Rd2 Kd7 29. Ne1 Rg4 30. Bg3 h4 31. Bh2 d4 32. f3 Rgg8 33. Bg1 c5 34. Bf2 Rh8 35.
a3 Kc6 36. Rh3 Rdg8 37. Rh2 h3 38. Kc1 a5 39. Kc2 a4 40. Kc1 d3 41. Kd1 Rd8 42.
Kc1 Nd4 43. Kb1 Rb8 44. Bxd4 cxd4 45. Kc1 Kd5 46. Kd1 Rh4 47. Rh1 c3 48. Rxd3 cxb2 0-1

[Event "*** Titled Tuesday Blitz"]
[Site "Chess.com"]
[Date "2018.09.04"]
[Round "10"]
[White "GadimbayliA"]
[Black "VerdeNotte"]
[Result "1-0"]
[WhiteElo "2713"]
[BlackElo "2812"]
[TimeControl "180+2"]
[EndTime "15:52:14 PDT"]
[Termination "GadimbayliA won by checkmate"]

1. e4 c5 2. Nf3 d6 3. d4 cxd4 4. Nxd4 Nf6 5. Nc3 g6 6. Be3 Bg7 7. f3 O-O 8. Qd2 Nc6 9. O-O-O d5 10. exd5 Nxd5 11. Nxc6 bxc6 12. Bd4 Nxc3 13. Qxc3 Bh6+ 14. Be3 Bxe3+ 15. Qxe3 Qb6 16. Qxe7 Be6 17. Qa3 Rad8 18.
Bd3 Rd4 19. Rde1 c5 20. Be4 Rb8 21. b3 c4 22. Rd1 Rbd8 23. Rxd4 Qxd4 24. Kb1 h5 25.
Qb2 c3 26. Qc1 a5 27. a4 Kg7 28. Qg5 Rb8 29. Kc1 Bxb3 30. cxb3 Rxb3 31. Rd1 Qb6 32. Qe5+ Kh7 33. Kc2 Rb2+ 34. Kd3 Qb3 35. Rc1 Rd2+ 36. Ke3 Qb6+ 37. Kf4 Rxg2 38. Rxc3 Qd8 39.
Qxh5+ Kg8 40. Qc5 Qf6+ 41. Ke3 Rxh2 42. Rc2 Rh4 43. Qxa5 Qf4+ 44. Kd3 Rh5 45. Rc8+ Kh7 46. Qxh5+ Kg7 47. Qh8# 1-0

[Event "*** Titled Tuesday Blitz"]
[Site "Chess.com"]
[Date "2018.09.04"]
[Round "10"]
[White "Caisachess"]
[Black "aquaticpineapples"]
[Result "1/2-1/2"]
[WhiteElo "2235"]
[BlackElo "2017"]
[TimeControl "180+2"]
[EndTime "15:52:14 PDT"]
[Termination "Game drawn - insufficient material"]

1. e4 d5 2. exd5 Qxd5 3. Nc3 Qa5 4. d4 Nf6 5. Nf3 Nc6 6. Bd2 a6 7. Bc4 Qh5 8. h3 Bg4 9. Be2 O-O-O 10. O-O e5 11.
dxe5 Nxe5 12. Nxe5 Bxe2 13. Qxe2 Qxe2 14. Nxe2 Rxd2 15.
Nxf7 Rg8 16. Rad1 Bb4 17. Rxd2 Bxd2 18. Rd1 Bb4 19. c3 Rf8 20. Ng5 Bd6 21. Ne6 Re8 22.
N6d4 c5 23. Nf5 Rxe2 24. Nxd6+ Kc7 25. Nf5 g6 26. Ne7 Rxb2 27. Nd5+ Nxd5 28. Rxd5 Rxa2 29. Rxc5+ Kd6 30. Rc4 b5 31. Rc8 Rc2 32. Ra8 Rxc3 33. Rxa6+ Kd5 34. Kf1 b4 35. Ke2 Kc4 36. Kd2 Kb3 37. Rf6 Kb2 38. Rf7 b3 39. Rxh7 Rc2+ 40. Ke3 Kb1 41. Rg7 Rc6 42. g4 Kc2 43. Rb7 b2 44. h4 b1=Q 45. Rxb1 Kxb1 46. Kf4 Kc2 47. Kg5 Kd3 48. f4 Ke4 49. f5 gxf5 50. gxf5 Rc5 51. h5 Rxf5+ 52. Kg6 Rf1 53. h6 Rg1+ 54. Kf7 Kf5 55. h7 Rh1 56. Kg7 Rg1+ 57. Kf7 Rh1 58. Kg7 Rg1+ 59. Kf7 Rh1 60. Kg7 Rxh7+ 61. Kxh7 1/2-1/2

[Event "*** Titled Tuesday Blitz"]
[Site "Chess.com"]
[Date "2018.09.04"]
[Round "10"]
[White "nochewycandy"]
[Black "Blagorod"]
[Result "1-0"]
[WhiteElo "2191"]
[BlackElo "2004"]
[TimeControl "180+2"]
[EndTime "15:52:14 PDT"]
[Termination "nochewycandy won by checkmate"]

1. c4 e5 2. g3 d6 3. Bg2 Nc6 4. Nc3 Be6 5. d3 Qd7 6. e4 Be7 7. Be3 Nf6 8. f3 h5 9. h4 Nh7 10. Nh3 f5 11. Nd5 fxe4 12. dxe4 Rf8 13. a3 g6 14. b4 a6 15. Rc1 O-O-O 16. b5 Nb8 17. a4 Rf7 18. Qe2 Rdf8 19. Nf2 Nf6 20. Nd3 Ne8 21. N3b4 a5 22. Nd3 Kd8 23. Qd2 b6 24.
Qf2 Bxd5 25. cxd5 Bf6 26. Nb2 Ke7 27. Bh3 Qd8 28. Nc4 Bg7 29. Bg2 Nd7 30. O-O Nc5 31. Bxc5 dxc5 32. Qe3 Nd6 33. Nd2 Ke8 34. Qd3 Bf6 35.
Rce1 g5 36. hxg5 Bxg5 37. f4 exf4 38. e5 Nf5 39. gxf4 Bh6 40. Ne4 Rg8 41. Nf6+ Rxf6 42. exf6+ Kf7 43. Qxf5 Rxg2+ 44. Kxg2 Qg8+ 45. Kh1 Qg3 46. Re7+ Kg8 47. Qh7+ Kf8 48. Qf7# 1-0

[Event "*** Titled Tuesday Blitz"]
[Site "Chess.com"]
[Date "2018.09.04"]
[Round "10"]
[White "2165149677570"]
[Black "joejan"]
[Result "1-0"]
[WhiteElo "2301"]
[BlackElo "2236"]
[TimeControl "180+2"]
[EndTime "15:52:24 PDT"]
[Termination "2165149677570 won by resignation"]

1. e4 c5 2. Nf3 d6 3. Bb5+ Bd7 4. Bxd7+ Qxd7 5. c4 Nc6 6. Nc3 Nf6 7. O-O e6 8. d4 cxd4 9. Nxd4 Be7 10. Be3 O-O 11.
Qe2 Rac8 12. Rfd1 Rfe8 13. Rac1 a6 14. b3 Qc7 15. f4 Nxd4 16. Bxd4 Qc6 17. g4 Nd7 18. g5 e5 19. Be3 exf4 20. Bxf4 Ne5 21. Nd5 Bd8 22. Qg2 Re6 23. h4 Ng6 24. Bg3 Qe8 25.
Re1 b5 26. cxb5 Rxc1 27. Rxc1 axb5 28. Rc8 Qd7 29. Qc2 Nf8 30. Kh2 h6 31. Nf4 hxg5 32.
Nxe6 Nxe6 33. Qc6 Qe7 34. Qxd6 Qf6 35. Qe5 gxh4 36. Bf4 Qe7 37. Qd6 Qf6 38. Qe5 Qe7 39. Bg5 f6 40. Rxd8+ Qxd8 41. Qxe6+ Kh7 42. Qf5+ Kg8 43.
Bxh4 Qd2+ 44. Qf2 Qd6+ 45. Bg3 Qe6 46. Qe2 f5 47. e5 g5 48. Qxb5 f4 49. Qc4 1-0

[Event "*** Titled Tuesday Blitz"]
[Site "Chess.com"]
[Date "2018.09.04"]
[Round "10"]
[White "Manukyan_Artak"]
[Black "ramses135"]
[Result "0-1"]
[WhiteElo "2316"]
[BlackElo "2545"]
[TimeControl "180+2"]
[EndTime "15:52:25 PDT"]
[Termination "ramses135 won on time"]

1. e4 e5 2. Nf3 Nc6 3. d4 exd4 4.
Nxd4 Qh4 5. Nb5 Nf6 6. Be2 Bc5 7. O-O Bb6 8. c4 d6 9. N1c3 Nxe4 10. Nxe4 Qxe4 11.
Bf3 Qxc4 12. Re1+ Ne5 13. Nxd6+ cxd6 14. Qxd6 f6 15. Rxe5+ fxe5 16. Bh5+ g6 17. Qxe5+ Kf7 18. Qxh8 gxh5 19. Qxh7+ Ke8 20. Qxh5+ Qf7 21. Qe5+ Be6 22. Be3 Bxe3 23. Qxe3 Ke7 24. Re1 b6 25. a4 Qf5 26. b4 Rd8 27. a5 Rd6 28. axb6 axb6 29. h3 Kf7 30. Qg3 Rd7 31. Re3 Bd5 32. Kh2 Qf6 33. Qg4 Qd6+ 34. Rg3 Ke7 35. Qg7+ Kd8 36. Qh8+ Kc7 37. Qc3+ Kb7 38. Qe3 Qxb4 39. f4 Qc5 40.
Qe2 Bc6 41. f5 Qxf5 42. h4 Qf4 43. Qh5 Rg7 0-1

[Event "*** Titled Tuesday Blitz"]
[Site "Chess.com"]
[Date "2018.09.04"]
[Round "10"]
[White "Ksenia_Legenko"]
[Black "alpasya2009"]
[Result "0-1"]
[WhiteElo "2043"]
[BlackElo "2442"]
[TimeControl "180+2"]
[EndTime "15:52:37 PDT"]
[Termination "alpasya2009 won by resignation"]

1. d4 d6 2. Nf3 g6 3. g3 Bg7 4.
Bg2 Nf6 5. O-O O-O 6. c4 Nbd7 7. Nc3 e5 8. e4 Re8 9. h3 exd4 10. Nxd4 a6 11. Be3 Rb8 12. Re1 Ne5 13. b3 c5 14. Nc2 b5 15. cxb5 axb5 16. Rc1 b4 17.
Nd5 Nxd5 18. Qxd5 Be6 19. Qd1 Qc8 20. Kh2 Qa6 21. Bf1 Qxa2 22. f4 Bxb3 23. fxe5 Bxe5 24.
Re2 Bb2 25. Rb1 Rxe4 26. Bg2 Re6 27. Qe1 Bxc2 28. Rxc2 Rxe3 29. Qxe3 Qxb1 30. Re2 Be5 31. Bd5 Kg7 32. Rf2 f6 33. Qe2 Rd8 34. Qb5 Qe1 35. Qb7+ Kh6 36. Rg2 Re8 37. Qf7 b3 38. Bxb3 Rb8 39.
Qc4 Qc3 40. Qh4+ Kg7 41. Bc2 Rb2 42. Qe4 Bxg3+ 43. Rxg3 Rxc2+ 44. Rg2 Qe5+ 45. Qxe5 Rxg2+ 46. Kxg2 fxe5 47. Kf3 d5 48. Ke3 Kf6 49. Kd3 Kf5 0-1

[Event "*** Titled Tuesday Blitz"]
[Site "Chess.com"]
[Date "2018.09.04"]
[Round "10"]
[White "GMWSO"]
[Black "wonderfultime"]
[Result "1-0"]
[WhiteElo "2964"]
[BlackElo "2839"]
[TimeControl "180+2"]
[EndTime "15:52:38 PDT"]
[Termination "GMWSO won by resignation"]

1. d4 Nf6 2. c4 e6 3. Nf3 Bb4+ 4. Nbd2 O-O 5. a3 Be7 6. e4 d6 7. Be2 c5 8. d5 e5 9. Qc2 Nbd7 10. Nb1 Ne8 11. Nc3 g6 12. h4 Ng7 13. Bh6 Nf6 14. Nh2 Kh8 15. g3 Ng8 16. Bd2 h5 17. O-O-O f5 18. f3 Bd7 19. Rdg1 Qe8 20. g4 f4 21. Be1 a6 22. Rg2 Rf6 23. Rhg1 Bf8 24. gxh5 gxh5 25.
a4 Ne7 26. Rg5 Rg6 27. Bf1 Rxg5 28. Rxg5 Ng6 29. Rg1 Be7 30. a5 Kh7 31. Qg2 Qf7 32. Qc2 Rg8 33. Qb3 Bc8 34. Na4 Nxh4 35. Nb6 Bf6 36.
Nxc8 Rxc8 37. Bh3 Rf8 38. Qb6 Qe7 39. b4 cxb4 40. Bxb4 Rd8 41. c5 Ne8 42. cxd6 Nxd6 43. Kd1 Kh8 44. Ke2 Bg7 45. Rc1 Bf8 46. Rg1 Qf6 47. Be6 Ng6 48. Rxg6 Qxg6 49. Qxd8 Qg2+ 50.
Kd3 Kg7 51. Bxd6 Bxd6 52. Qxd6 Qxh2 53. Qxe5+ 1-0

[Event "*** Titled Tuesday Blitz"]
[Site "Chess.com"]
[Date "2018.09.04"]
[Round "10"]
[White "Faqade"]
[Black "TrimitziosP7"]
[Result "1-0"]
[WhiteElo "2509"]
[BlackElo "2627"]
[TimeControl "180+2"]
[EndTime "15:52:46 PDT"]
[Termination "Faqade won by checkmate"]

1. e4 e5 2. Nf3 Nc6 3. Bc4 Bc5 4. d3 Nf6 5. O-O d6 6. c3 O-O 7. Bg5 h6 8. Bh4 g5 9. Bg3 Bb6 10. Nbd2 Be6 11. h3 Nh5 12. Bh2 Ng7 13. b4 Qf6 14. a4 a6 15. a5 Ba7 16. b5 Bxc4 17. dxc4 Ne7 18. Rb1 Bc5 19. Nb3 Ne6 20. Ne1 Qg6 21. Nd3 Ba7 22. Qe2 f5 23. exf5 Qxf5 24. Kh1 Ng6 25.
f3 Rae8 26. Nd2 Nef4 27. Bxf4 exf4 28. Ne4 Be3 29. b6 Qd7 30. c5 d5 31. Nef2 c6 32.
Ng4 Kh7 33. Qc2 Qf5 34. Rbe1 Bxc5 35. Nf6+ Qxf6 36. Nxc5 Re7 37. c4 Rfe8 38. Rxe7+ Qxe7 39. cxd5 cxd5 40. Rd1 Rc8 41. Rc1 Rc6 42. Kh2 Kg8 43. Qf5 Qf7 44. Qd3 Nh4 45. Qd4 Nf5 46. Qe5 Ne3 47.
Rc3 Nc4 48. Qb8+ Kg7 49. Nxb7 Qf6 50. Rc1 Qe6 51. Nd8 Qe3 52. Qb7+ Kf8 53. Qf7# 1-0

[Event "*** Titled Tuesday Blitz"]
[Site "Chess.com"]
[Date "2018.09.04"]
[Round "10"]
[White "TastyFrenchFries"]
[Black "tsakos2731"]
[Result "1/2-1/2"]
[WhiteElo "2388"]
[BlackElo "2598"]
[TimeControl "180+2"]
[EndTime "15:52:52 PDT"]
[Termination "Game drawn by repetition"]

1. Na3 e5 2. Nc4 Nc6 3. e4 Nf6 4. Nf3 d5 5. exd5 Qxd5 6. Ne3 Qd8 7. Bb5 Bd6 8. O-O e4 9. Ne1 O-O 10. d3 Nd4 11. Bc4 b5 12. Bb3 Bb7 13. c3 Nxb3 14.
axb3 c5 15. d4 cxd4 16. cxd4 g6 17. N1c2 Rc8 18. Rxa7 Qb6 19. Ra1 Nd5 20. Nxd5 Bxd5 21. Ne3 Bb7 22. Bd2 f5 23. Ba5 Qc6 24. d5 Qd7 25. Bc3 b4 26. Bd4 Bb8 27. g3 Bxd5 28.
Bf6 Bc6 29. Qxd7 Bxd7 30. Bd4 Be6 31. Ra4 Bd6 32. Ra6 Rfd8 33. Bf6 Rd7 34. Rd1 Bf8 35.
Rxd7 Bxd7 36. Ra7 Be6 37. Be7 Bxe7 38. Rxe7 Bxb3 39. Rb7 Rc1+ 40. Kg2 Bc4 41. Rxb4 Be2 42. Kh3 Kg7 43. Kh4 Kf6 44. Nd5+ Ke5 45. Nf4 Ba6 46.
Ra4 Bc4 47. Kg5 Rc2 48. h4 Bb3 49. Rb4 Bc4 50. b3 Bd3 51. Rb7 Rxf2 52. Rxh7 Kd4 53. Rd7+ Kc3 54. b4 Rf3 55. Kxg6 Rxf4 56. gxf4 e3 57.
Rc7+ Kd2 58. Re7 Be4 59. Rd7+ Kc2 60. Rc7+ Kb2 61. Rd7 Kc1 62. Rc7+ Kb2 63. Rd7 Bc2 64. Re7 Be4 65. Rd7 Kc2 66. Rc7+ Kb2 67. Rd7 Bc2 68.
Re7 Be4 69. Rd7 1/2-1/2

[Event "*** Titled Tuesday Blitz"]
[Site "Chess.com"]
[Date "2018.09.04"]
[Round "10"]
[White "nihalsarin"]
[Black "gkchesstiger"]
[Result "1/2-1/2"]
[WhiteElo "2854"]
[BlackElo "2762"]
[TimeControl "180+2"]
[EndTime "15:52:58 PDT"]
[Termination "Game drawn by agreement"]

1. e4 c5 2. Nc3 Nc6 3. Bb5 Nd4 4. Nf3 e6 5. O-O a6 6. Bd3 Nxf3+ 7. Qxf3 Ne7 8. Re1 Ng6 9. Bf1 Bd6 10. g3 h5 11.
d3 h4 12. Qg4 hxg3 13. hxg3 Ne5 14. Qe2 g5 15. Bg2 Rg8 16. Be3 b6 17. d4 cxd4 18. Bxd4 Bb7 19. Rad1 Qc7 20. Qe3 Bc5 21. Na4 Bxd4 22.
Qxd4 b5 23. Nc5 Bc6 24. Nd3 f6 25. Nxe5 Qxe5 26. c3 a5 27. Rd2 Ke7 28. Red1 Rab8 29. Qa7 Rgd8 30. Qxa5 Kf7 31. Qb4 Ra8 32. a3 Ra4 33.
Qd6 Qxd6 34. Rxd6 Ke7 35. e5 Bxg2 36. exf6+ Kxf6 37. Kxg2 Ke7 38. R6d4 Ra5 39. Re1 Rc8 40. Re5 Kf6 41. Re3 Rc7 42. Rb4 Rc5 43. Rf3+ Ke7 44. Rg4 Ra8 45. Rd4 Rac8 46. Rfd3 R8c7 47. Kf3 Re5 48.
Re3 Rf5+ 49. Kg2 Rfc5 50. Rd1 Rf5 51. Rh1 Rd5 52. Rh7+ Kd6 53. Rg7 Rcc5 54. Kf3 1/2-1/2